 Dungeon Crawl Stone Soup version 0.28.0-43-g3370ac3207 (webtiles) character file.

Game seed: 16782537269798700181

627 fknight the Poker (level 7, -5/60 HPs)
             Began as a Gnoll Berserker on Mar 9, 2022.
             Was a Priest of Trog.
             Slain by a troll (7 damage)
             ... on level 4 of the Dungeon.
             The game lasted 00:10:24 (4500 turns).

fknight the Poker (Gnoll Berserker)                 Turns: 4500, Time: 00:10:24

Health: -5/60      AC: 11    Str: 18    XL:     7   Next: 48%
Magic:  10/10      EV:  9    Int:  6    God:    Trog [***...]
Gold:   221        SH:  0    Dex: 12    Spells: 11/11 levels left

rFire   . . .      SeeInvis +   a - +0 spear
rCold   . . .      Faith    .   (no shield)
rNeg    . . .      Spirit   .   m - +0 chain mail
rPois   .          Reflect  .   (no helmet)
rElec   .          Harm     .   (no cloak)
rCorr   .          Rampage  .   (no gloves)
Will    ++...                   q - +0 pair of boots
Stlth   ..........              (no amulet)
HPRegen 1.20/turn               j - ring of see invisible
MPRegen 0.12/turn               (no ring)

@: strong-willed, regenerating
A: fangs 1, strong nose, distributed training
a: Renounce Religion, Berserk, Trog's Hand


You were on level 4 of the Dungeon.
You worshipped Trog.
Trog was most pleased with you.
You visited 1 branch of the dungeon, and saw 5 of its levels.

You collected 221 gold pieces.

Inventory:

Hand Weapons
 a - a +0 spear (weapon)
 o - a +0 trident
 p - a +0 hunting sling
 v - a +0 vorpal flail
 w - a +2 short sword of flaming
Missiles
 c - 10 poisoned darts (quivered)
 e - 169 stones
Armour
 b - a +0 animal skin
 m - a +0 chain mail (worn)
 q - a +0 pair of boots (worn)
Jewellery
 f - a ring of ice
 j - a ring of see invisible (left hand)
 s - a ring of magical power
Wands
 d - a wand of paralysis (9)
 x - a wand of charming (6)
Scrolls
 i - a scroll of teleportation
 k - 3 scrolls of immolation
 l - 2 scrolls of fog {unknown}
 t - a scroll of holy word {unknown}
Potions
 g - 2 potions of curing
 h - a potion of mutation
 n - a potion of brilliance
 u - a potion of haste
 z - a potion of heal wounds {unknown}


   Skills:
 + Level 7.0 Fighting
 + Level 2.5 Short Blades
 + Level 2.5 Long Blades
 + Level 2.5 Axes
 + Level 2.5 Maces & Flails
 + Level 7.0 Polearms
 + Level 2.5 Staves
 + Level 2.5 Slings
 + Level 2.5 Bows
 + Level 2.5 Crossbows
 + Level 2.5 Throwing
 + Level 5.2 Armour
 + Level 5.2 Dodging
 + Level 2.5 Stealth
 + Level 2.5 Shields
 + Level 2.5 Unarmed Combat
 + Level 2.5 Spellcasting
 + Level 2.0 Conjurations
 + Level 2.0 Hexes
 + Level 2.0 Summonings
 + Level 2.0 Necromancy
 + Level 2.0 Translocations
 + Level 2.0 Transmutations
 + Level 2.0 Fire Magic
 + Level 2.0 Ice Magic
 + Level 2.0 Air Magic
 + Level 2.0 Earth Magic
 + Level 2.0 Poison Magic
 + Level 2.8 Invocations
 + Level 2.5 Evocations


You had 11 spell levels left.
You didn't know any spells.
Your spell library was empty.

Dungeon Overview and Level Annotations

Branches:
Dungeon (5/15)
 Temple: D:4-7

Altars:
Zin

Annotations:
D:5 Menkaure


Innate Abilities, Weirdness & Mutations

You have very sharp teeth.
Your uncanny sense of smell can sniff out nearby items.
Your experience applies equally to all skills.


Message History

You climb downwards.
There is a stone staircase leading up here.
Found a jewelled gold wand.
d - a wand of paralysis (9)
There is a stone staircase leading up here.
As you read the scroll labelled DANIMO JOEN, it crumbles to dust.
The air around you briefly surges with heat, but it dissipates.
It was a scroll of immolation.
As you read the scroll labelled YQOH VOSEIKAONWU, it crumbles to dust.
You feel strangely unstable.
It was a scroll of teleportation.
You climb upwards.
There is a stone staircase leading down here.
You start waiting.
Your surroundings suddenly seem different.
You see here a hobgoblin skeleton.
There is a stone staircase leading down here.
You climb downwards.
Menkaure shouts!
The troll shouts!
The adder hisses angrily.
You hear a shout! x3
The adder closely misses you.
Menkaure calls on the powers of darkness!
Your body is wracked with pain!
The adder convulses!
The troll convulses!
The troll bites you! The troll claws you but does no damage.
The troll claws you.
* * * LOW HITPOINT WARNING * * *
There is a stone staircase leading up, spattered with blood here.
The adder barely misses you. The troll bites you!
* * * LOW HITPOINT WARNING * * *
The troll claws you.
* * * LOW HITPOINT WARNING * * *
The troll claws you but does no damage.
Menkaure calls on the powers of darkness!
You feel a surge of unholy energy.
The adder convulses!
The troll convulses!
The adder bites you but does no damage.
You climb upwards.
There is a stone staircase leading down here.
Your skin crawls.
You feel strong-willed. The troll bites you but does no damage.
The troll claws you but does no damage. The troll claws you!
You die...

#.†.....#.####.........##.
#.#.#####....'..........'.
###.....#.####....#######.
#.......#.# #..#...#....#
#.####.)#.# #......#.....
#.##....#.# #...#.....###
#.###..##.# ##..#..#.#..#
#.###...#S##########.....#
#.#.....#@T...........#...
##...#..##########'...#..#
#...#..# #..######.
#...#..# #....#....
##...##.# #....#..÷.
##.....### #....#..##
#.......# #....#....
##.......## #....###..
#≈..≈.≈≈≈.# #....'.#..


You could see a troll and an adder.

Vanquished Creatures
  A centaur (D:4)
  A bullfrog (D:4)
  A scorpion (D:4)
  A wyvern zombie (D:4)
  A bullfrog zombie (D:4)
  A centaur zombie (D:5)
  2 hounds (D:4)
  An orc priest (D:4)
  2 iguanas (D:4)
  An orc wizard (D:4)
  5 adders
  An ufetubus (D:4)
  4 worms
  A dart slug (D:2)
  3 orcs (D:4)
  7 bats
  9 endoplasms
  7 giant cockroaches
  2 goblins
  5 hobgoblins
  4 kobolds
  3 quokkas
  5 ball pythons
  5 frilled lizards
  6 rats
79 creatures vanquished.

Notes
Turn   | Place    | Note
-------+----------+-------------------------------------------
     0 | D:1      | fknight the Gnoll Berserker began the quest for the Orb.
     0 | D:1      | Reached XP level 1. HP: 23/23 MP: 1/1
   115 | D:1      | Reached XP level 2. HP: 27/29 MP: 2/2
   345 | D:1      | Found a faded altar of an unknown god.
   462 | D:1      | Reached XP level 3. HP: 33/35 MP: 3/3
   686 | D:1      | Reached ** piety under Trog
  1114 | D:2      | Reached skill level 1 in Invocations
  1147 | D:2      | Reached skill level 1 in Short Blades
  1147 | D:2      | Reached skill level 1 in Long Blades
  1147 | D:2      | Reached skill level 1 in Axes
  1147 | D:2      | Reached skill level 1 in Maces & Flails
  1147 | D:2      | Reached skill level 1 in Staves
  1147 | D:2      | Reached skill level 1 in Slings
  1147 | D:2      | Reached skill level 1 in Bows
  1147 | D:2      | Reached skill level 1 in Crossbows
  1147 | D:2      | Reached skill level 1 in Throwing
  1147 | D:2      | Reached skill level 1 in Stealth
  1147 | D:2      | Reached skill level 1 in Shields
  1147 | D:2      | Reached skill level 1 in Unarmed Combat
  1147 | D:2      | Reached skill level 1 in Spellcasting
  1147 | D:2      | Reached skill level 1 in Evocations
  1387 | D:2      | Reached XP level 4. HP: 41/41 MP: 5/5
  1970 | D:3      | Found a glowing silver altar of Zin.
  2138 | D:3      | Reached skill level 1 in Conjurations
  2138 | D:3      | Reached skill level 1 in Hexes
  2138 | D:3      | Reached skill level 1 in Summonings
  2138 | D:3      | Reached skill level 1 in Necromancy
  2138 | D:3      | Reached skill level 1 in Translocations
  2138 | D:3      | Reached skill level 1 in Transmutations
  2138 | D:3      | Reached skill level 1 in Fire Magic
  2138 | D:3      | Reached skill level 1 in Ice Magic
  2138 | D:3      | Reached skill level 1 in Air Magic
  2138 | D:3      | Reached skill level 1 in Earth Magic
  2138 | D:3      | Reached skill level 1 in Poison Magic
  2601 | D:4      | Reached XP level 5. HP: 24/47 MP: 5/7
  2881 | D:4      | Reached XP level 6. HP: 29/53 MP: 8/8
  3125 | D:4      | Reached skill level 5 in Armour
  3125 | D:4      | Reached skill level 5 in Dodging
  3272 | D:4      | Reached *** piety under Trog
  3626 | D:4      | Reached XP level 7. HP: 36/59 MP: 10/10
  4369 | D:5      | Entered Level 5 of the Dungeon
  4392 | D:5      | Noticed a troll
  4497 | D:5      | Noticed Menkaure
  4498 | D:5      | HP: 2/60 [troll (14)]
  4500 | D:4      | Slain by a troll

Illustrated notes

Levels and vault maps discovered:
D:1:      dpeg_arrival_leaves_temple_mockup, layout_basic,
          shapermc_ecumenical_altar_mp_highgroup, minmay_strange_pillars,
          hangedman_glass_teeth, minmay_pentomino_v2
D:2:      layout_basic
D:3:      layout_basic, zin_statuary, serial_corexii_hall,
          corexii_hall_statues_i, corexii_hall_statues_t,
          hangedman_decor_clover_reticule
D:4:      layout_basic, minivault_27, hangedman_decor_push,
          grunt_decor_resistance, nicolae_underground_beach
D:5:      layout_loops_ring, mainiacjoe_overflow_concentric_impassable,
          serial_shops, nicolae_diamond_shop, grunt_decor_mini_mirrors,
          nicolae_grassy_gnolls, uniq_menkaure

Skill      XL: |  1  2  3  4  5  6  7 |
---------------+----------------------+-----
Invocations    | 1 2 |  2.8
Short Blades   | 1 2 |  2.5
Long Blades    | 1 2 |  2.5
Axes           | 1 2 |  2.5
Maces & Flails | 1 2 |  2.5
Staves         | 1 2 |  2.5
Slings         | 1 2 |  2.5
Bows           | 1 2 |  2.5
Crossbows      | 1 2 |  2.5
Throwing       | 1 2 |  2.5
Stealth        | 1 2 |  2.5
Shields        | 1 2 |  2.5
Unarmed Combat | 1 2 |  2.5
Spellcasting   | 1 2 |  2.5
Evocations     | 1 2 |  2.5
Conjurations   | 1 2 |  2.0
Hexes          | 1 2 |  2.0
Summonings     | 1 2 |  2.0
Necromancy     | 1 2 |  2.0
Translocations | 1 2 |  2.0
Transmutations | 1 2 |  2.0
Fire Magic     | 1 2 |  2.0
Ice Magic      | 1 2 |  2.0
Air Magic      | 1 2 |  2.0
Earth Magic    | 1 2 |  2.0
Poison Magic   | 1 2 |  2.0
Armour         | 5 |  5.2
Dodging        | 5 |  5.2
Fighting       | 7 |  7.0
Polearms       | 7 |  7.0

Action                   |  1- 3 |  4- 6 |  7- 9 || total
-------------------------+-------+-------+-------++-------
Melee: Spear             |   152 |   180 |    56 ||   388
       Bite              |    11 |    21 |     8 ||    40
       Punch             |     2 |     4 |     2 ||     8
Invok: Berserk           |       |     1 |       ||     1
       Trog's Hand       |       |       |     1 ||     1
  Use: Scroll            |       |       |     7 ||     7
 Stab: Sleeping          |     1 |       |       ||     1
Armor: Animal skin       |    10 |       |       ||    10
       Chain mail        |    15 |    73 |    33 ||   121
Dodge: Dodged            |    61 |    66 |    23 ||   150
